 Dungeon Crawl Stone Soup version 0.14.1-24-gbdbe590 (webtiles) character file.

244 Kenran the Slasher (level 4, -10/39 HPs)
             Began as a Minotaur Fighter on June 20, 2014.
             Mangled by ztt's ghost (11 damage)
             ... on Level 3 of the Dungeon.
             The game lasted 00:07:20 (2063 turns).

Kenran the Slasher (Minotaur Fighter)               Turns: 2063, Time: 00:07:20

HP -10/39        AC  7     Str 21      XL: 4   Next: 44%
MP   2/2         EV  6     Int  5      God:
Gold 146         SH  0     Dex  9      Spells:  0 memorised,  3 levels left

rFire  . . .     SeeInvis .     a - +1 long sword
rCold  . . .     Clarity  .     b - +0 scale mail
rNeg   . . .     Conserve .     c - +0 shield
rPois  .         rCorr    .     (helmet restricted)
rElec  .         rRot     .     (no cloak)
SustAb . .       Spirit   .     (no gloves)
rMut   .         Warding  .     (no boots)
Saprov . . .     Stasis   .     (no amulet)
MR     .....                    (no ring)
                                (no ring)

@: confused, flying, not resistant to hostile enchantments, extremely unstealthy
A: retaliatory headbutt, horns 2, rough black scales 1, carnivore 1, deformed
body
a: no special abilities


You were on level 3 of the Dungeon.
You were hungry.

You visited 1 branch of the dungeon, and saw 3 of its levels.

You collected 146 gold pieces.

Inventory:

Hand weapons
 a - a +1,+1 long sword (weapon)
Armour
 b - a +0 scale mail (worn)
 c - a +0 shield (worn)
Magical devices
 n - a wand of digging (14) {unknown}
 o - a wand of random effects (6) {unknown}
Comestibles
 d - 3 bread rations
 h - a meat ration
 l - a rotting chunk of hobgoblin flesh
Scrolls
 p - a scroll of remove curse
 r - a scroll of fog {unknown}
 s - a scroll of enchant weapon I
 t - a scroll of enchant armour {unknown}
 u - a scroll of identify
Jewellery
 g - an uncursed ring of flight
 k - an uncursed ring of teleport control
Potions
 e - a potion of might
 f - a potion of mutation
 m - a potion of restore abilities {unknown}
 q - a potion of curing {unknown}
 v - a potion of degeneration {unknown}


   Skills:
 - Level 3.6 Fighting
 + Level 5.7 Long Blades
 - Level 3.6 Armour
 - Level 3.6 Shields


You had 3 spell levels left.
You didn't know any spells.

Dungeon Overview and Level Annotations

Branches:
Dungeon (3/15)

Altars:

Annotations:
D:3 ztt's ghost, average MiFi


Innate Abilities, Weirdness & Mutations

You reflexively headbutt those who attack you in melee.
You have a pair of horns on your head.
You are partially covered in rough black scales (AC +4, Dex -1).
Your digestive system is specialised to digest meat.
Armour fits poorly on your strangely shaped body.


Message History

Ztt's ghost hits you but does no damage.
You hit ztt's ghost but do no damage. You headbutt ztt's ghost.
Ztt's ghost is heavily damaged.
Ztt's ghost hits you but does no damage.
Found a scroll labeled XUKHOAD USTOSH.
You see here 6 gold pieces.
Ztt's ghost hits you but does no damage.
Drink which item? (? for menu, Esc to quit)
You feel extremely strange.
Rough black scales grow over part of your body.
You hunger for flesh.
Your body twists and deforms.
It was a potion of mutation.
Ztt's ghost hits you.
* * * LOW HITPOINT WARNING * * *
Drink which item? (? for menu, Esc to quit)
You feel very buoyant.
You fly up into the air.
It was a potion of flight.
Drink which item? (? for menu, Esc to quit)
You are confused.
It was a potion of confusion.
Ztt's ghost hits you!
You die...

? #.. ##..###############
..........@........
......)...p........
#...........#####
#.....$.....#
#...........#
######...........######
.......................
.........................
######..#######.........


You could see ztt's ghost.

Vanquished Creatures
  Terence (D:3)
  2 adders (D:3)
  A worm (D:3)
  3 giant geckos
  An orc (D:3)
  7 bats
  9 goblins
  11 hobgoblins
  10 kobolds
  3 giant cockroaches (D:1)
  3 giant newts
  8 rats
59 creatures vanquished.

Notes
Turn   | Place    | Note
--------------------------------------------------------------
     0 | D:1      | Kenran, the Minotaur Fighter, began the quest for the Orb.
     0 | D:1      | Reached XP level 1. HP: 19/19 MP: 1/1
   256 | D:1      | Reached XP level 2. HP: 23/26 MP: 1/1
   872 | D:1      | Reached skill level 4 in Long Blades
  1045 | D:2      | Reached XP level 3. HP: 28/31 MP: 2/2
  1671 | D:3      | Reached skill level 5 in Long Blades
  1720 | D:3      | Reached XP level 4. HP: 33/39 MP: 2/2
  1970 | D:3      | Noticed Terence
  1986 | D:3      | Killed Terence
  2021 | D:3      | Noticed ztt's ghost (average MiFi)
  2059 | D:3      | Gained mutation: You are partially covered in rough black scales (AC +4, Dex -1). [potion of mutation]
  2059 | D:3      | Gained mutation: Your digestive system is specialised to digest meat. [potion of mutation]
  2059 | D:3      | Gained mutation: Armour fits poorly on your strangely shaped body. [potion of mutation]
  2059 | D:3      | HP: 1/39 [ztt's ghost (4)]
  2063 | D:3      | Mangled by ztt's ghost

Action                   |  1- 3 |  4- 6 || total
-------------------------+-------+-------++-------
Melee: Long sword        |   122 |    39 ||   161
  Use: Scroll            |     7 |       ||     7
       Potion            |       |     3 ||     3
